 Dungeon Crawl Stone Soup version 0.28.0-53-g5a82cb258f (console) character file.

Game seed: 11767177164272397664

73 Cab the Chopper (level 4, 0/35 HPs)
             Began as a Demonspawn Fighter on Aug 21, 2022.
             Slain by an iron imp (2 damage)
             ... summoned by Natasha
             ... on level 3 of the Dungeon.
             The game lasted 00:03:10 (1553 turns).

Cab the Chopper (Demonspawn Fighter)                Turns: 1553, Time: 00:03:10

Health: 0/35       AC:  8    Str: 18    XL:     4   Next: 8%
Magic:  4/4        EV:  9    Int: 11    God:
Gold:   79         SH:  4    Dex: 13    Spells: 3/3 levels left

rFire   . . .      SeeInvis .   a - +0 war axe
rCold   . . .      Faith    .   c - +0 buckler
rNeg    . . .      Spirit   .   b - +0 scale mail
rPois   .          Reflect  .   (no helmet)
rElec   .          Harm     .   (no cloak)
rCorr   .          Rampage  .   f - +0 pair of gloves
Will    .....                   g - +0 pair of boots
Stlth   ..........              (no amulet)
HPRegen 0.11/turn               (no ring)
MPRegen 0.09/turn               (no ring)

@: slowed, very slow
A: ignite blood 1, big brain 1
a: no special abilities


You were on level 3 of the Dungeon.
You visited 1 branch of the dungeon, and saw 3 of its levels.

You collected 79 gold pieces.

Inventory:

Hand Weapons
 a - a +0 war axe (weapon)
Missiles
 e - 4 atropa-tipped darts (quivered)
Armour
 b - a +0 scale mail (worn)
 c - a +0 buckler (worn)
 f - a +0 pair of gloves (worn)
 g - a +0 pair of boots (worn)
Wands
 k - a wand of digging (2)
Scrolls
 i - 2 scrolls of fog {unknown}
 j - a scroll of acquirement {unknown}
 l - a scroll of enchant armour {unknown}
Potions
 d - 3 potions of might
 h - a potion of resistance {unknown}


   Skills:
 - Level 3.0 Fighting
 + Level 4.0 Axes
 - Level 2.6 Armour
 - Level 2.6 Shields


You had 3 spell levels left.
You didn't know any spells.
Your spell library was empty.

Dungeon Overview and Level Annotations

Branches:
Dungeon (3/15)

Altars:

Annotations:
D:3 Natasha


Innate Abilities, Weirdness & Mutations

Your demonic aura sometimes causes spilled blood to erupt in flames.
You have an unusually large brain. (Int +2)


Message History

You barely miss the iron imp. Natasha barely misses you.
You block the iron imp's attack. Natasha barely misses you.
You hit Natasha.
Natasha is heavily wounded.
You barely miss the iron imp. You block the iron imp's attack.
Natasha claws you. The iron imp hits you. Natasha claws you but does no damage.
You are too injured to fight recklessly!
You are too injured to fight recklessly!
You are too injured to fight recklessly!
You are too injured to fight recklessly!
You are too injured to fight recklessly!
You are too injured to fight recklessly!
You are too injured to fight recklessly!
You are too injured to fight recklessly!
You are too injured to fight recklessly!
You are too injured to fight recklessly!
You are too injured to fight recklessly!
You are too injured to fight recklessly!
You are too injured to fight recklessly!
You are too injured to fight recklessly!
You are too injured to fight recklessly!
You are too injured to fight recklessly!
You are too injured to fight recklessly!
You are too injured to fight recklessly!
You are too injured to fight recklessly!
You are too injured to fight recklessly!
You are too injured to fight recklessly!
You are too injured to fight recklessly!
You are too injured to fight recklessly!
You are too injured to fight recklessly!
You are too injured to fight recklessly!
You are too injured to fight recklessly!
You are too injured to fight recklessly!
You closely miss Natasha.
Natasha is heavily wounded.
You hit the iron imp. Natasha claws you! You block the iron imp's attack.
Natasha claws you.
* * * LOW HITPOINT WARNING * * *
The iron imp hits you.
You die...

▒▒▒ ▒▒▒▒▒▒ ∙∙ ∙<∙∙∙▒ ∙▒
▒▒▒▒∙▒ ▒▒▒▒∙▒▒▒▒
▒▒▒∙▒▒▒▒▒▒▒▒▒▒▒▒∙∙∙∙∙∙∙▒
▒∙∙∙∙∙∙∙∙▒∙∙∙∙∙∙∙∙∙∙∙∙∙▒▒
▒∙▒∙∙∙∙∙∙∙∙∙∙∙h@∙∙∙∙∙∙∙∙∙∙
▒∙▒▒∙∙∙∙∙∙∙∙∙∙5∙∙∙▒∙▒▒∙▒▒▒
▒∙▒▒∙▒∙∙∙∙∙∙∙▒▒▒∙∙▒∙▒ ∙▒
▒▒∙▒▒∙▒∙▒∙∙∙∙▒▒ ▒%∙▒∙∙ ∙∙
∙∙∙▒▒∙▒∙▒∙∙∙▒▒ ▒∙∙▒▒▒∙ ▒
∙∙∙∙∙∙▒∙∙∙▒▒∙▒ ▒∙▒▒ ▒∙
∙∙∙∙∙∙∙∙∙∙∙▒∙▒▒▒▒∙▒ ∙▒
∙▒▒▒▒▒▒∙∙∙∙∙∙∙∙∙∙∙▒ ∙▒
▒∙▒∙∙∙▒▒▒▒∙∙▒


You could see an iron imp (summoned) and Natasha.

Vanquished Creatures
  Natasha (D:3)
  An adder (D:2)
  2 worms (D:2)
  3 dart slugs
  An endoplasm (D:2)
  3 goblins
  2 hobgoblins
  4 quokkas
  6 ball pythons
  3 bats (D:2)
  3 kobolds (D:2)
  3 rats
32 creatures vanquished.

Vanquished Creatures (others)
  4 fungi (D:3)
  5 toadstools (D:3)
9 creatures vanquished.

Grand Total: 41 creatures vanquished

Notes
Turn   | Place    | Note
-------+----------+-------------------------------------------
     0 | D:1      | Cab the Demonspawn Fighter began the quest for the Orb.
     0 | D:1      | Reached XP level 1. HP: 18/18 MP: 1/1
    12 | D:1      | Noticed an electric eel
   103 | D:1      | Reached skill level 2 in Axes
   317 | D:1      | Gained mutation: You have an unusually large brain. (Int
                  | +2) [demonic ancestry]
   317 | D:1      | Reached XP level 2. HP: 24/24 MP: 2/2
   621 | D:2      | Reached skill level 3 in Axes
   979 | D:2      | Gained mutation: Your demonic aura sometimes causes spilled
                  | blood to erupt in flames. [demonic ancestry]
   979 | D:2      | Reached XP level 3. HP: 29/29 MP: 3/3
  1455 | D:3      | Noticed Natasha
  1460 | D:3      | Killed Natasha
  1461 | D:3      | Reached skill level 4 in Axes
  1461 | D:3      | Reached XP level 4. HP: 24/35 MP: 4/4
  1543 | D:3      | Noticed Natasha
  1553 | D:3      | Slain by an iron imp

Illustrated notes

Levels and vault maps discovered:
D:1:      arrival_aquarium_a, layout_loops_cross
D:2:      layout_rooms, st_stairs_13, minmay_misc_feat_four_crosses
D:3:      layout_loops_ring, old_standard_altar,
          shapermc_ecumenical_altar_notcrosses, minmay_gold_behind_fungi,
          roderic_malta_cross, uniq_natasha

Skill      XL: |  1  2  3 |
---------------+----------+-----
Axes           | 2 3 4 |  4.0
Fighting       | |  3.0
Armour         | |  2.6
Shields        | |  2.6

Action                   |  1- 3 |  4- 6 || total
-------------------------+-------+-------++-------
Melee: War axe           |    79 |     7 ||    86
Armor: Scale mail        |    36 |     3 ||    39
Dodge: Dodged            |    39 |     5 ||    44
Block: Buckler           |    19 |     3 ||    22
